 Dungeon Crawl Stone Soup version 0.23.0-2-g0fe3ce5905 (webtiles) character file.

Game seed: 15776813722414328349

9746 Laan the Grappler (level 11, 0/113 HPs)
             Began as a Troll Monk on Feb 20, 2019.
             Was an Elder of the Shining One.
             Slain by a 12-headed hydra (12 damage)
             ... on level 2 of the Lair of Beasts.
             The game lasted 00:12:51 (8280 turns).

Laan the Grappler (Troll Monk)                      Turns: 8280, Time: 00:12:52

Health: 0/113      AC:  6    Str: 27    XL:     11   Next: 27%
Magic:  10/10      EV: 14    Int:  6    God:    the Shining One [****..]
Gold:   418        SH: 14    Dex: 12    Spells: 10/10 levels left

rFire    . . .     SeeInvis .     - Unarmed
rCold    . . .     Gourm    +   C - +0 shield
rNeg     + + .     Faith    .   a - +0 robe
rPois    .         Spirit   .   (helmet restricted)
rElec    .         Reflect  +   M - scarf {cloud immunity}
rCorr    .         Harm     .   (gloves unavailable)
MR       .....                  (boots unavailable)
Stlth    +.........             N - +3 amulet of reflection
HPRegen  0.68/turn              g - +4 ring of evasion
MPRegen  0.12/turn              w - +3 ring of strength

@: glowing
A: large, unfitting armour, claws 3, fast metabolism 3, gourmand, regeneration
1, shaggy fur 1, tough skin 3
a: Divine Shield, Cleansing Flame, Renounce Religion


You were on level 2 of the Lair of Beasts.
You worshipped the Shining One.
The Shining One was greatly pleased with you.
You were completely stuffed.

You visited 3 branches of the dungeon, and saw 11 of its levels.
You also visited: Sewer.

You collected 460 gold pieces.
You spent 42 gold pieces at shops.

Inventory:

Armour
 a - a +0 robe (worn)
 z - a +0 cloak
 C - a +0 shield (worn)
 M - a scarf of cloud immunity (worn)
Jewellery
 g - a +4 ring of evasion (left claw)
 w - a +3 ring of strength (right claw)
 x - an uncursed ring of resist corrosion
 y - an uncursed ring of flight
 N - a +3 amulet of reflection (around neck)
Wands
 j - a wand of disintegration (16)
 E - a wand of polymorph (10)
 H - a wand of enslavement (4)
 J - a wand of iceblast (7)
 K - a wand of digging (3)
Scrolls
 d - 12 scrolls of teleportation
 e - 3 scrolls of remove curse
 f - a scroll of enchant armour {unknown}
 i - 2 scrolls of amnesia {unknown}
 k - 2 scrolls of enchant weapon {unknown}
 o - 13 scrolls of identify
 p - 3 scrolls of immolation {unknown}
 v - 2 scrolls of noise {unknown}
 F - 2 scrolls of magic mapping {unknown}
 G - 2 scrolls of fear {unknown}
 I - 2 scrolls of blinking {unknown}
Potions
 c - a potion of resistance {unknown}
 h - a potion of berserk rage {unknown}
 l - 6 potions of curing
 m - a potion of magic {unknown}
 n - 2 potions of mutation {unknown}
 q - 2 potions of heal wounds
 r - 2 potions of brilliance {unknown}
 s - 4 potions of flight {unknown}
 t - 4 potions of might {unknown}
 u - 4 potions of lignification {unknown}
 A - a potion of invisibility {unknown}
 B - a potion of ambrosia {unknown}
 D - a potion of degeneration {unknown}
 L - a potion of haste {unknown}
Comestibles
 b - 15 rations


   Skills:
 + Level 8.3 Fighting
 - Level 2.4 Dodging
 - Level 1.0 Stealth
 - Level 9.0 Shields
 + Level 11.1 Unarmed Combat


You had 10 spell levels left.
You didn't know any spells.
Your spell library contained the following spells:

 Spells                   Type           Power        Failure   Level  Hunger
 Magic Dart               Conj           #...         45%         1    ##.....
 Blink                    Tloc           N/A          58%         2    ###....
 Call Imp                 Summ           #.......     58%         2    ###....
 Slow                     Hex            #.......     58%         2    ###....
 Conjure Flame            Conj/Fire      #.......     83%         3    ####...
 Mephitic Cloud           Conj/Pois/Air  #.......     83%         3    ####...


Dungeon Overview and Level Annotations

Branches:
Dungeon (8/15)             Temple (1/1) D:6            Lair (2/6) D:8
  Swamp (0/4) Lair:2
  Snake: Lair:2-4    Spider: Lair:2-4

Altars:
Ashenzari
Cheibriados
Dithmenos
Elyvilon
Fedhas
Gozag
Hepliaklqana
Kikubaaqudgha
Makhleb
Nemelex Xobeh
Okawaru
Qazlal
Ru
Sif Muna
Trog
Uskayaw
Vehumet
Wu Jian
Xom
Yredelemnul
Zin
The Shining One

Shops:
D:5 *

Annotations:
D:3 3 runed translucent doors, Jabberih's ghost, amateur DECj
Lair:2 exclusion: 4 oklob plants


Innate Abilities, Weirdness & Mutations

You are too large for most types of armour.
You have claws for hands.
Your metabolism is lightning-fast.
You like to eat raw meat.
Your natural rate of healing is unusually fast.
You are covered in fur. (AC +1)
You have extremely tough skin. (AC +3)


Message History

You block the 12-headed hydra's attack.
The 12-headed hydra completely misses you.
You feel much better. The 12-headed hydra misses you.
The 12-headed hydra bites you but does no damage.
You block the 12-headed hydra's attack. The 12-headed hydra closely misses you.
The 12-headed hydra bites you.
* * * LOW HITPOINT WARNING * * *
The 12-headed hydra misses you. The 12-headed hydra bites you.
* * * LOW HITPOINT WARNING * * *
You block the 12-headed hydra's attack. The 12-headed hydra bites you.
* * * LOW HITPOINT WARNING * * *
The 12-headed hydra barely misses you. x2; The 12-headed hydra misses you.
You feel much better. The 12-headed hydra bites you!
* * * LOW HITPOINT WARNING * * *
The 12-headed hydra closely misses you. x2; The 12-headed hydra bites you!
* * * LOW HITPOINT WARNING * * *
You block the 12-headed hydra's attack. The 12-headed hydra bites you!
The Shining One protects you from harm! The 12-headed hydra bites you!
You die...

≈≈≈ ♣≈≈≈≈ # ≈≈≈≈≈ ###.
######♣PP≈≈≈
###P..#######.##..#≈P≈≈≈
........##.........≈≈≈P≈
......D@...........≈P≈≈P
.......##.#........≈≈≈≈≈
....... ##.........≈≈≈≈≈
...##.# #.........≈P≈..
## #. ##.............
... #........†.... ##.#
####P.....#(.# # # #.#
##.##P...P#### .P#. #.P
##........P# #.


You could see a 12-headed hydra.

Vanquished Creatures
  A centaur warrior (D:8)
  The ghost of loom the Destroyer, a novice GrFE of Vehumet (D:7)
  A cyclops (D:7)
  A black mamba (Lair:2)
  A spiny frog (Lair:2)
  2 komodo dragons (Lair:1)
  Prince Ribbit (D:6)
  2 hippogriffs (Lair:1)
  Sigmund (D:5)
  A wyvern (Lair:2)
  5 yaks (Lair:1)
  Menkaure (D:5)
  7 water moccasins
  2 porcupines (Lair:2)
  2 black bears
  2 orc warriors (D:8)
  An ice beast (D:5)
  A phantom (D:7)
  A necrophage (D:7)
  5 ogres
  4 centaurs
  2 crocodiles (Lair:1)
  7 big kobolds
  Blork the orc (D:5)
  4 bullfrogs
  A wyvern skeleton (D:7)
  2 scorpions (D:5)
  4 killer bees
  9 wights
  An electric eel (Lair:2)
  3 crimson imps
  A jelly (D:5)
  6 hounds
  10 orc priests
  5 orc wizards
  3 iguanas
  7 hell rats (Lair:2)
  6 worker ants
  A worker ant zombie (D:7)
  3 gnolls (D:3)
  8 adders
  3 shadow imps
  2 oozes
  2 worms
  2 dart slugs
  3 leopard geckos
  32 orcs
  10 giant cockroaches
  9 goblins
  7 hobgoblins
  11 jackals
  28 kobolds
  2 quokkas
  5 ball pythons
  A ball python skeleton (D:4)
  13 bats
  11 frilled lizards
  2 leopard gecko skeletons
  A leopard gecko zombie (D:7)
  A quokka skeleton (D:7)
  16 rats
288 creatures vanquished.

Vanquished Creatures (others)
  A fungus (Lair:1)
  2 plants (Lair:2)
3 creatures vanquished.

Grand Total: 291 creatures vanquished

Notes
Turn   | Place    | Note
-------+----------+-------------------------------------------
     0 | D:1      | Laan the Troll Monk began the quest for the Orb.
     0 | D:1      | Reached XP level 1. HP: 22/22 MP: 0/0
   168 | D:1      | You fall through a shaft!
   318 | D:1      | Reached XP level 2. HP: 29/29 MP: 1/1
   653 | D:1      | Reached XP level 3. HP: 35/36 MP: 2/2
   992 | D:2      | Reached skill level 4 in Unarmed Combat
  1322 | D:2      | Reached XP level 4. HP: 45/45 MP: 3/3
  1921 | D:3      | Reached skill level 5 in Unarmed Combat
  1921 | D:3      | Reached XP level 5. HP: 47/53 MP: 4/4
  2106 | D:3      | Found a runed translucent gate.
  2106 | D:3      | Found a runed translucent gate.
  2109 | D:3      | Noticed Jabberih's ghost (amateur DECj)
  2111 | D:3      | Found a runed translucent gate.
  2412 | D:4      | Found a glowing drain.
  2448 | Sewer    | Entered a sewer
  2568 | Sewer    | Reached XP level 6. HP: 47/62 MP: 5/5
  2571 | Sewer    | Reached skill level 6 in Unarmed Combat
  3451 | D:5      | Entered Level 5 of the Dungeon
  3474 | D:5      | Reached XP level 7. HP: 61/70 MP: 6/6
  3533 | D:5      | Reached skill level 7 in Unarmed Combat
  3649 | D:5      | Noticed Sigmund
  3658 | D:5      | Killed Sigmund
  3711 | D:5      | Noticed Blork the orc
  3715 | D:5      | Killed Blork the orc
  3715 | D:5      | Reached skill level 8 in Unarmed Combat
  3717 | D:5      | Reached skill level 5 in Fighting
  3717 | D:5      | Reached skill level 1 in Shields
  3717 | D:5      | Reached XP level 8. HP: 71/80 MP: 7/7
  3771 | D:5      | Found Rasufeap's General Store.
  3776 | D:5      | Bought a scroll of remove curse for 42 gold pieces
  3980 | D:5      | Noticed Menkaure
  3985 | D:5      | Killed Menkaure
  4321 | D:6      | Found a staircase to the Ecumenical Temple.
  4327 | Temple   | Entered the Ecumenical Temple
  4431 | Temple   | Became a worshipper of the Shining One
  4431 | Temple   | Reached * piety under the Shining One
  4431 | Temple   | Reached ** piety under the Shining One
  4820 | D:6      | Noticed Prince Ribbit
  4839 | D:6      | Killed Prince Ribbit
  4839 | D:6      | Reached XP level 9. HP: 85/89 MP: 8/8
  4985 | D:7      | Found a runed translucent door.
  4986 | D:7      | Noticed loom's ghost (novice GrFE)
  5006 | D:6      | Reached skill level 9 in Unarmed Combat
  5158 | D:7      | Reached skill level 5 in Shields
  5350 | D:7      | Reached *** piety under the Shining One
  5389 | D:7      | Found an ornate altar of the Wu Jian Council.
  5536 | D:7      | Noticed a cyclops
  5655 | D:7      | Killed a cyclops
  5969 | D:7      | Reached XP level 10. HP: 92/100 MP: 9/9
  6081 | D:8      | Identified the +4 flail of Chaos {venom, Dex+3}
  6169 | D:8      | Found a staircase to the Lair.
  6177 | D:8      | Reached **** piety under the Shining One
  6177 | D:8      | Noticed a centaur warrior
  6228 | D:7      | Killed loom's ghost
  6228 | D:7      | Reached skill level 10 in Unarmed Combat
  6322 | D:8      | Killed a centaur warrior
  7068 | Lair:1   | Entered Level 1 of the Lair of Beasts
  7333 | Lair:1   | Reached XP level 11. HP: 82/111 MP: 10/10
  7846 | Lair:2   | Found a staircase to the Swamp.
  8016 | Lair:2   | Noticed a six-headed hydra
  8022 | Lair:2   | Noticed an oklob plant
  8022 | Lair:2   | Noticed an oklob plant
  8022 | Lair:2   | Noticed an oklob plant
  8022 | Lair:2   | Noticed an oklob plant
  8170 | Lair:2   | Reached skill level 11 in Unarmed Combat
  8280 | Lair:2   | The Shining One protects you from harm!
  8280 | Lair:2   | Slain by a 12-headed hydra

Skill      XL: |  1  2  3  4  5  6  7  8  9 10 11 |
---------------+----------------------------------+-----
Unarmed Combat | 4 5 6 8 9 10 11 | 11.1
Fighting       | 3 4 5 6 7 8 |  8.3
Shields        | 1 4 6 8 9 |  9.0
Dodging        | |  2.4
Stealth        | |  1.0

Action                   |  1- 3 |  4- 6 |  7- 9 | 10-12 || total
-------------------------+-------+-------+-------+-------++-------
Melee: Unarmed           |   124 |   177 |   244 |   238 ||   783
       Punch             |       |     4 |       |       ||     4
  Use: Scroll            |       |       |       |     3 ||     3
       Potion            |       |       |       |     7 ||     7
 Stab: Sleeping          |     1 |     2 |     1 |       ||     4
  Eat: Chunk             |    18 |    17 |    25 |    22 ||    82
Armor: Robe              |    61 |    48 |    45 |    34 ||   188
Dodge: Dodged            |    76 |   119 |   101 |   104 ||   400
Block: Shield            |       |       |    97 |   144 ||   241
